 Dungeon Crawl Stone Soup version 0.30-a0-465-g8901f6c8b5 (webtiles) character file.

Game seed: 1764938975086543088

87 HoaS the Shooter (level 4, 0/26 HPs)
             Began as a Tengu Hunter on Dec 17, 2022.
             Slain by Crazy Yiuf
             ... wielding a +2 quarterstaff of chaos
              (11 damage)
             ... on level 2 of the Dungeon.
             The game lasted 00:03:21 (1466 turns).

HoaS the Shooter (Tengu Hunter)                     Turns: 1466, Time: 00:03:21

Health: 0/26       AC:  3    Str: 11    XL:     4   Next: 51%
Magic:  5/5        EV: 12    Int:  9    God:
Gold:   100        SH:  0    Dex: 20    Spells: 3/3 levels left

rFire   . . .      SeeInvis .    a - +1 shortbow
rCold   . . .      Faith    .    (shield currently unavailable)
rNeg    . . .      Spirit   .    c - +0 leather armour
rPois   .          Reflect  .    (helmet restricted)
rElec   .          Harm     .    (no cloak)
rCorr   .          Rampage  .    (no gloves)
Will    .....                    (boots unavailable)
Stlth   ++........               (no amulet)
HPRegen 0.24/turn                (no ring)
MPRegen 0.09/turn                (no ring)

@: lethally poisoned (0 -> -13), hasted, very quick
A: beak, talons 3
a: no special abilities


You were on level 2 of the Dungeon.
You visited 1 branch of the dungeon, and saw 2 of its levels.

You collected 100 gold pieces.

Inventory:

Hand Weapons
 a - a +1 shortbow (weapon)
Armour
 c - a +0 leather armour (worn)
Jewellery
 e - a ring of ice
Wands
 h - a wand of charming (10)
Scrolls
 b - a scroll of immolation
 f - 2 scrolls of teleportation
Potions
 d - a potion of attraction
 i - a potion of curing {unknown}
 k - a potion of mutation {unknown}


   Skills:
 - Level 2.0 Fighting
 + Level 6.4 Ranged Weapons
 - Level 2.1 Dodging
 - Level 1.0 Stealth


You had 3 spell levels left.
You didn't know any spells.
Your spell library was empty.

Dungeon Overview and Level Annotations

Branches:
Dungeon (2/15)

Altars:
Cheibriados

Annotations:
D:2 Crazy Yiuf


Innate Abilities, Weirdness & Mutations

You have a beak for a mouth.
You have claws for feet.


Message History

a +0 short sword; a +2 scale mail of poison resistance You start resting.
HP restored.
Things that are here:
a +0 short sword; a +2 scale mail of poison resistance You see here a +0 club.
Found a hammer.
You see here a +0 hammer.
You see here a +0 hammer.
You see here a +0 hammer.
You see here a +0 hammer.
Found a hammer.
Found a runed translucent door.
Crazy Yiuf shouts!
You see here a +0 hammer.
You see here a +0 hammer.
You see here a +0 hammer.
You see here a +0 hammer.
You see here a +0 hammer.
You see here a +0 hammer.
Could not explore, unopened runed door.
Could not explore, unopened runed door.
Could not explore, unopened runed door.
Could not explore, unopened runed door.
Unknown command.
Unknown command.
Unknown command.
You feel yourself speed up.
You open the door. Crazy Yiuf closely misses you.
There is an open translucent door here.
You shoot an arrow. The arrow hits Crazy Yiuf.
Crazy Yiuf is lightly wounded.
Crazy Yiuf hits you with a +2 quarterstaff of chaos!
You are lethally poisoned!
You shoot an arrow. The arrow hits Crazy Yiuf!
Crazy Yiuf is heavily wounded.
You feel very sick.
Crazy Yiuf waves his quarterstaff at you.
Crazy Yiuf hits you with a +2 quarterstaff of chaos!
You die...

#### ###### #)..### ##)#))##
####### #..g@.####P)))..#
#.....# #...##..#.PP))).#
#.....# #### ###.#.)#)..# ##
###.....# #######.#####.
#.......# #.#.....
#......)################...####
########....#..##.........#....
#................#.##.#...###
#####..........#..............##


You could see Crazy Yiuf.

Vanquished Creatures
  Terence (D:2)
  2 adders (D:2)
  2 worms (D:2)
  2 dart slugs (D:2)
  2 ball pythons (D:2)
  9 endoplasms
  A giant cockroach (D:1)
  A hobgoblin (D:1)
  A jackal (D:2)
  A quokka (D:1)
  3 bats
  2 goblins
  5 kobolds
  2 rats (D:1)
34 creatures vanquished.

Notes
Turn   | Place    | Note
-------+----------+-------------------------------------------
     0 | D:1      | HoaS the Tengu Hunter began the quest for the Orb.
     0 | D:1      | Reached XP level 1. HP: 12/12 MP: 2/2
   278 | D:1      | Reached XP level 2. HP: 17/17 MP: 3/3
   314 | D:1      | Reached skill level 5 in Ranged Weapons
   359 | D:1      | You fall into a shaft and drop 1 floor!
   376 | D:2      | Found a snail-covered altar of Cheibriados.
   861 | D:2      | Reached XP level 3. HP: 12/21 MP: 4/4
  1110 | D:2      | Reached skill level 6 in Ranged Weapons
  1143 | D:2      | Reached XP level 4. HP: 26/26 MP: 5/5
  1219 | D:2      | Noticed Terence
  1230 | D:2      | Killed Terence
  1338 | D:2      | Found a runed translucent door.
  1339 | D:2      | Noticed Crazy Yiuf
  1466 | D:2      | Slain by Crazy Yiuf

Illustrated notes

Levels and vault maps discovered:
D:1:      matt_arrival_los_fun, layout_basic
D:2:      layout_rooms, basic_altar, minmay_tetromino_o2,
          uniq_crazy_yiuf_cottage, uniq_terence

Skill      XL: |  1  2  3 |
---------------+----------+-----
Ranged Weapons | 5 6 |  6.4
Fighting       | |  2.0
Dodging        | |  2.1
Stealth        | |  1.0

Action                   |  1- 3 |  4- 6 || total
-------------------------+-------+-------++-------
 Fire: Shortbow          |    94 |    15 ||   109
  Use: Scroll            |     5 |     2 ||     7
       Potion            |       |     1 ||     1
Armor: Leather armour    |     8 |     4 ||    12
Dodge: Dodged            |    26 |     1 ||    27

Table legend: (Time is in decaauts)
 A = Elapsed time spent in this place.
 B = Non-inter-level travel time spent in this place.
 C = Inter-level travel time spent in this place.
 D = Time resting spent in this place.
 E = Time spent auto-exploring this place.
 F = Levels seen in this place.
 G = Mean time per level.
                   A        B        C        D        E       F      G
               +--------+--------+--------+--------+--------+-----+--------+
         Total |   1495 |   1482 |     13 |    152 |   1093 |   2 |  747.5 |
       Dungeon |   1495 |   1482 |     13 |    152 |   1093 |   2 |  747.5 |
               +--------+--------+--------+--------+--------+-----+--------+

Top non-repeatable levels by time:
     D:1: 802 daAuts
     D:2: 693 daAuts
